AoeStats
← BENNNET

Arabia

509541768Analyzed
1v1 RM · 4d ago on Sep 27, 2026· 32m 43s· 2 players
Game mode
Random Map
Map size
Tiny (2 player)
Population
200
Speed
Normal
Resources
Standard
Victory
Conquest
Starting age
Dark Age
Ending age
Imperial Age
RankedLock teamsTeams togetherTeam positionsShared explorationLock speedFull tech treeHidden civsTurbo modeCheats
Victory
Defeat
🇪🇨 Wu · Ecuador
1173
+15
🇲🇽 Koreans · Mexico
1155
-15
Chaviz3611
7:07 Loom
9:53 Feudal Age
13:26 Double-Bit Axe
17:19 Fletching
24:57 Castle Age
25:08 Gold Mining
26:07 Scale Mail Armor
26:27 Forging
27:03 Bow Saw
28:36 Gold Shaft Mining
28:19 Squires
29:38 Chain Mail Armor
30:41 Arson
BENNNET
6:23 Loom
9:26 Feudal Age
9:28 Man-at-Arms
19:53 Castle Age
18:29 Horse Collar
18:36 Double-Bit Axe
18:46 Gold Mining
23:00 Stone Mining
28:22 Wheelbarrow
27:34 Town Watch
27:53 Heavy Plow
30:51 Fletching
31:29 Bodkin Arrow
31:35 Murder Holes
33:07 Ballistics
Connection lost

Rejoining the realm…

Still unreachable

The connection could not be restored.

Session expired

The server has moved on; the page needs a fresh start.